 Dungeon Crawl Stone Soup version 0.18.1-48-g4cf74bf (webtiles) character file.

987 Wotyn the Basher (level 7, -6/57 HPs)
             Began as a Minotaur Gladiator on July 3, 2016.
             Was an Initiate of Okawaru.
             Mangled by an iguana (10 damage)
             ... on level 6 of the Dungeon.
             The game lasted 00:26:22 (4743 turns).

Wotyn the Basher (Minotaur Gladiator)               Turns: 4743, Time: 00:26:23

Health: -6/57      AC:  7    Str: 20    XL:     7   Next: 97%
Magic:  6/6        EV: 14    Int:  5    God:    Okawaru [......]
Gold:   204        SH:  0    Dex: 12    Spells: 0 memorised, 6 levels left

rFire  + . .     SeeInvis .     k - +6 mace
rCold  x . .     Gourm    +     n - +0 scale mail (curse)
rNeg   . . .     Faith    .     (no shield)
rPois  .         Spirit   .     c - +0 hat
rElec  .         Dismiss  .     (no cloak)
rCorr  .         Reflect  .     (no gloves)
SustAt .         Harm     .     (no boots)
MR     .....                    v - amulet of the gourmand
Stlth  ..........               B - +3 ring of evasion
                                l - ring of fire

@: very slightly contaminated, hasted, very quick, not resistant to hostile
enchantments, extremely unstealthy
A: retaliatory headbutt, horns 2, mutation resistance 1
a: Renounce Religion


You were on level 6 of the Dungeon.
You worshipped Okawaru.
Okawaru was noncommittal.
You were not hungry.

You visited 2 branches of the dungeon, and saw 7 of its levels.

You collected 204 gold pieces.

Inventory:

Hand Weapons
 a - a +0 flail
 k - a +6 mace (weapon)
 r - a +0 flail of crushing
Missiles
 d - 3 throwing nets (quivered)
 i - 6 poisoned javelins
Armour
 b - a +0 leather armour
 c - a +0 hat (worn)
 n - a cursed +0 scale mail (worn)
Jewellery
 g - an uncursed amulet of magic regeneration
 l - a ring of fire (left hand)
 v - an amulet of the gourmand (around neck)
 B - a +3 ring of evasion (right hand)
Wands
 q - a wand of random effects (40/48)
 u - a wand of polymorph (17/24)
 y - a wand of enslavement (8/24)
 A - a wand of confusion (0/48)
Scrolls
 e - 2 scrolls of immolation
 f - a scroll of amnesia
 j - 3 scrolls of teleportation
 s - 2 scrolls of magic mapping
 t - 2 scrolls of remove curse
 C - a scroll of recharging
Potions
 h - a potion of invisibility
 o - a potion of lignification
 w - 3 potions of flight
Books
 x - a book of Ice

   Spells                             Type                      Level
   a - Ice Form                       Ice/Transmutation            4
   b - Metabolic Englaciation         Hexes/Ice                    5
   c - Ozocubu's Refrigeration        Ice                          6
   d - Bolt of Cold                   Conjuration/Ice              6
   e - Freezing Cloud                 Conjuration/Ice/Air          6
   f - Simulacrum                     Ice/Necromancy               6
Comestibles
 p - 2 bread rations
 z - 6 fruits
 D - a beef jerky


   Skills:
 + Level 3.6 Fighting
 * Level 8.4 Maces & Flails
 - Level 2.0 Throwing
 + Level 6.2 Armour
 + Level 3.7 Dodging
 * Level 2.3 Unarmed Combat
 + Level 0.8 Evocations


You had 6 spell levels left.
You didn't know any spells.

Dungeon Overview and Level Annotations

Branches:
Dungeon (6/15)             Temple (1/1) D:5

Altars:
Ashenzari
Cheibriados
Dithmenos
Elyvilon
Fedhas
Gozag
Kikubaaqudgha
Nemelex Xobeh
Okawaru
Pakellas
Ru
Sif Muna
Trog
Xom
Zin
The Shining One

Annotations:
D:4 Coyotero's ghost, amateur DrFi
D:6 Coyotero's ghost, novice DrFi


Innate Abilities, Weirdness & Mutations

You reflexively headbutt those who attack you in melee.
You have a pair of horns on your head.
You are somewhat resistant to further mutation.


Message History

The hound moves out of view.
Drink which item? (? for menu, Esc to quit)
Okay, then.
You hit Coyotero's ghost.
Coyotero's ghost is severely damaged.
Coyotero's ghost hits you!
* * * LOW HITPOINT WARNING * * *
Your scale mail prevents you from hitting Coyotero's ghost.
Your headbutt misses Coyotero's ghost.
Coyotero's ghost is severely damaged.
Coyotero's ghost completely misses you. You furiously retaliate!
You headbutt Coyotero's ghost, but do no damage.
Found a potion of might.
An iguana comes into view.
The iguana hisses angrily.
The iguana moves out of view.
There is a stone staircase leading down here.
Found a stone staircase leading down.
The iguana bites you!
You die...

### .. .> .### #.
... #.## ##.# #.##
##.#######
##..###....W...#
#...>....#####.#
#.h##....#####.###
#@l##......S......
###..##..#.#####.#!#
..<......#†# .....
##...#....# ..#.#
#....)..<## #.....
#.#..#...# #.## #
#.#..#(#....... #.
..#.######.. #.#


You could see an iguana and a hound.

Vanquished Creatures
  Sigmund (D:5)
  A phantom (D:4)
  A centaur (D:6)
  3 worker ants
  Dowan (D:5)
  A crimson imp (D:5)
  4 hounds
  A jelly (D:5)
  An orc wizard (D:3)
  3 orc priests
  Robin (D:4)
  4 adders
  2 shadow imps (Temple)
  2 oozes
  An adder zombie (D:5)
  2 worms (D:5)
  4 dart slugs
  6 giant geckos
  9 orcs
  5 giant cockroaches
  15 goblins
  10 hobgoblins
  6 jackals
  8 kobolds
  2 quokkas (D:2)
  2 ball pythons (D:3)
  5 bats
  7 giant newts
  A jackal skeleton (D:6)
  4 rats
  2 butterflies (D:2)
115 creatures vanquished.

Vanquished Creatures (collateral kills)
  3 jackals (D:5)
  A giant gecko skeleton (D:5)
4 creatures vanquished.

Vanquished Creatures (others)
  Duvessa (D:5)
  A quokka (D:5)
2 creatures vanquished.

Grand Total: 121 creatures vanquished

Notes
Turn   | Place    | Note
--------------------------------------------------------------
     0 | D:1      | Wotyn the Minotaur Gladiator began the quest for the Orb.
     0 | D:1      | Reached XP level 1. HP: 18/18 MP: 0/0
   168 | D:1      | Reached skill level 4 in Maces & Flails
   491 | D:1      | Reached XP level 2. HP: 10/25 MP: 1/1
   682 | D:1      | Reached skill level 1 in Armour
   857 | D:1      | Reached XP level 3. HP: 23/30 MP: 2/2
  1089 | D:2      | Reached skill level 5 in Maces & Flails
  1130 | D:2      | Found a blossoming altar of Fedhas.
  1251 | D:2      | Reached XP level 4. HP: 32/37 MP: 3/3
  1476 | D:2      | Found a shimmering altar of Xom.
  1762 | D:3      | Reached skill level 6 in Maces & Flails
  1803 | D:3      | Reached XP level 5. HP: 17/42 MP: 4/4
  2735 | D:3      | Found a sacrificial altar of Ru.
  2785 | D:4      | Noticed Robin
  2795 | D:4      | Killed Robin
  2860 | D:4      | Noticed Coyotero's ghost (amateur DrFi)
  3375 | D:4      | Noticed a phantom
  3395 | D:4      | Killed a phantom
  3395 | D:4      | Reached skill level 7 in Maces & Flails
  3395 | D:4      | Reached XP level 6. HP: 26/50 MP: 5/5
  3644 | D:5      | Entered Level 5 of the Dungeon
  3682 | D:5      | Noticed Sigmund
  3686 | D:5      | Killed Sigmund
  3686 | D:5      | Reached skill level 5 in Armour
  3686 | D:5      | Reached skill level 1 in Unarmed Combat
  3686 | D:5      | Reached XP level 7. HP: 47/56 MP: 6/6
  3857 | D:5      | Found a white marble altar of Elyvilon.
  3932 | D:5      | Noticed Duvessa
  3932 | D:5      | Noticed Dowan
  3965 | D:5      | Your ally died
  3978 | D:5      | Killed Dowan
  3978 | D:5      | Reached skill level 8 in Maces & Flails
  4165 | D:5      | Found a staircase to the Ecumenical Temple.
  4188 | Temple   | Entered the Ecumenical Temple
  4249 | Temple   | Became a worshipper of Warmaster Okawaru
  4280 | D:5      | Found an oddly glowing altar of Pakellas.
  4306 | D:5      | Gained mutation: You are somewhat resistant to further mutation. [potion of beneficial mutation]
  4703 | D:6      | Noticed Coyotero's ghost (novice DrFi)
  4722 | D:6      | HP: 2/57 [Coyotero's ghost (12)]
  4743 | D:6      | Mangled by an iguana

Skill      XL: |  1  2  3  4  5  6  7 |
---------------+----------------------+-----
Maces & Flails | 4 5 6 7 8 |  8.4
Armour         | 1 2 4 5 6 |  6.2
Unarmed Combat | 1 2 |  2.3
Fighting       | 3 |  3.6
Throwing       | |  2.0
Dodging        | |  3.7
Evocations     | |  0.8

Action                   |  1- 3 |  4- 6 |  7- 9 || total
-------------------------+-------+-------+-------++-------
Melee: Flail             |    63 |       |       ||    63
       Mace              |    10 |   126 |    81 ||   217
       Headbutt          |     2 |    11 |    12 ||    25
Throw: Throwing net      |     2 |     1 |       ||     3
Evoke: Wand              |       |       |     4 ||     4
  Use: Potion            |     3 |     5 |     4 ||    12
       Scroll            |     3 |     9 |     1 ||    13
 Stab: Held in net/web   |       |     1 |       ||     1
  Eat: Bread ration      |     1 |       |     1 ||     2
       Fruit             |       |     4 |       ||     4
       Pizza             |       |     1 |       ||     1
Armor: Leather armour    |    13 |       |       ||    13
       Scale mail        |       |    24 |    28 ||    52
Dodge: Dodged            |    45 |    49 |    47 ||   141
